Map: Eastwatch LE

Players

fruitcake

  • Race: Protoss Protoss
  • Spawn Location: 7:00

A.I. 1 (Very Hard) - Winner!

  • Race: Protoss Protoss
  • Spawn Location: 1:00

VOD

Have the link to the VOD?

Description

Time

  • Played on: May 6, 2018, 6:11 a.m.
  • Length: 16:20
Show
View Real Time Build Order
Export as new Build Order

fruitcake Protoss 

Build Orders: 1 Gate Expand 

Get SALT Encoding   

  1  0:00  Probe  
  13  0:13  Pylon  
  13  0:14  Probe  
  14  0:26  Probe  
  15  0:28  Assimilator  
  15  0:38  Probe  
  16  0:46  Gateway  
  16  0:51  Probe  
  17  0:57  Pylon  
  17  1:00  Probe  
  18  1:31  Nexus  
  18  1:41  Zealot  
  20  1:48  Probe  
  21  1:56  Assimilator  
  21  2:00  Probe  
  22  2:08  Cybernetics Core  
  22  2:11  Zealot  
  24  2:25  Probe  
  25  2:32  Zealot  
  25  2:34  Gateway  
  25  2:37  Probe  
  28  2:47  Warp Gate  
  28  2:49  Probe  
  28  2:53  Probe  
  28  2:57  Probe  
  30  3:05  Probe  
  32  3:13  Probe  
  32  3:17  Probe  
  32  3:19  Stalker  
  36  3:23  Stalker  
  38  3:35  Stargate  
  38  3:40  Robotics Facility  
  38  3:55  Assimilator  
  38  3:56  Probe  
  38  3:58  Assimilator  
  39  4:05  Gateway  
  39  4:07  Gateway, Stalker  
  39  4:08  Probe  
  42  4:13  Stalker  
  44  4:24  Probe  
  44  4:27  Probe  
  46  4:47  Pylon  
  46  4:49  Pylon  
  46  4:58  Pylon  
  46  4:59  Void Ray  
  46  5:03  Pylon  
  46  5:05  Probe x2  
  54  5:17  Probe, Immortal  
  57  5:34  Void Ray  
  61  5:46  Pylon, Stalker x2  
  61  5:47  Stalker  
  61  5:49  Pylon  
  67  5:50  Probe  
  67  5:54  Probe  
  69  5:58  Probe  
  70  6:11  Forge, Probe  
  70  6:15  Probe  
  70  6:18  Stalker  
  74  6:19  Probe  
  74  6:34  Sentry  
  74  6:35  Sentry  
  78  6:41  Immortal  
  78  6:46  Void Ray  
  86  6:56  Protoss Ground Weapons Level 1  
  86  6:59  Stalker x2  
  90  7:18  Pylon  
  90  7:20  Pylon, Immortal  
  94  7:24  Pylon  
  94  7:34  Void Ray  
  98  7:44  Gateway  
  98  7:46  Gateway  
  98  8:09  Stalker x3, Nexus  
  104  8:27  Void Ray  
  56  9:04  Void Ray  
  56  9:11  Stalker x4  
  68  9:19  Immortal  
  72  9:24  Probe  
  73  9:32  Probe  
  73  9:34  Probe  
  75  9:40  Protoss Ground Armor Level 1  
  75  9:58  Immortal  
  79  10:02  Oracle  
  82  10:21  Stalker x5  
  84  10:22  Stalker  
  84  10:25  Probe  
  95  10:33  Probe  
  95  10:35  Probe x2  
  97  10:37  Immortal  
  97  10:39  Assimilator  
  97  10:40  Oracle  
  97  10:41  Probe  
  105  10:43  Assimilator  
  105  10:44  Protoss Air Weapons Level 1  
  105  10:47  Probe  
  107  10:50  Stalker  
  107  10:51  Stalker x4  
  107  10:52  Stalker  
  119  11:04  Twilight Council  
  119  11:08  Oracle  
  119  11:09  Probe x2  
  121  11:15  Immortal  
  128  11:32  Probe  
  129  11:36  Protoss Ground Weapons Level 2  
  129  11:40  Pylon  
  129  11:43  Pylon  
  129  11:47  Pylon  
  129  11:49  Pylon  
  129  11:52  Oracle, Immortal  
  129  11:53  Pylon  
  132  11:57  Pylon  
  136  12:08  Gateway  
  136  12:10  Gateway  
  136  12:18  Stalker x4  
  136  12:21  Immortal  
  148  12:40  Zealot x2  
  152  12:51  Immortal  
  152  12:57  Nexus  
  152  13:01  Oracle  
  152  13:03  Protoss Air Armor Level 1  
  159  13:26  Stalker x4  
  167  13:31  Immortal  
  149  13:40  Stalker x2  
  93  13:51  Protoss Ground Armor Level 2  
  93  13:52  Stalker x3  
  93  13:53  Stalker  
  96  14:04  Stalker x2  
  88  14:10  Immortal  
  92  14:18  Zealot x3  
  98  14:29  Stalker  
  91  14:49  Stalker, Immortal  
  91  14:50  Stalker x2  
  92  14:56  Stalker  
  66  15:12  Stalker x2  
  29  15:44  Stalker x2  
  29  15:45  Stalker  
  29  15:48  Probe  
  27  16:00  Probe  
Show
View Real Time Build Order
Export as new Build Order

A.I. 1 (Very Hard) Protoss - Winner!

Build Orders: Zealot Archon 

Get SALT Encoding   

  12  0:00  Probe  
  13  0:13  Probe  
  14  0:20  Pylon  
  14  0:25  Probe  
  15  0:34  Probe  
  16  0:43  Probe  
  16  0:49  Assimilator  
  17  0:51  Probe  
  17  0:52  Gateway  
  18  0:59  Probe  
  18  1:02  Pylon  
  19  1:07  Probe  
  20  1:19  Probe  
  21  1:31  Probe  
  22  1:38  Zealot  
  24  1:40  Cybernetics Core  
  24  1:43  Probe  
  25  1:59  Nexus  
  25  2:11  Gateway  
  25  2:18  Pylon  
  25  2:21  Zealot  
  27  2:24  Probe  
  27  2:28  Warp Gate  
  28  2:36  Assimilator, Probe  
  29  2:48  Adept  
  29  2:49  Probe  
  32  2:51  Adept  
  34  2:59  Pylon  
  34  3:01  Probe  
  35  3:13  Probe, Sentry  
  35  3:15  Adept  
  40  3:32  Probe  
  41  3:38  Stalker  
  43  3:42  Gateway, Stalker  
  43  3:43  Probe  
  46  3:52  Probe  
  47  3:59  Probe  
  47  4:01  Stalker, Probe  
  51  4:10  Probe  
  51  4:11  Probe  
  51  4:12  Stalker  
  55  4:18  Probe  
  55  4:24  Probe  
  57  4:30  Probe  
  58  4:36  Stalker, Probe  
  61  4:40  Pylon  
  61  4:45  Pylon  
  61  4:57  Stalker  
  61  4:58  Gateway, Stalker, Probe x2  
  67  5:02  Stalker  
  69  5:10  Probe x2  
  71  5:17  Stalker  
  71  5:18  Pylon  
  73  5:21  Pylon, Stalker  
  73  5:22  Probe x2  
  77  5:34  Probe  
  78  5:36  Stalker x2, Probe  
  78  5:39  Pylon  
  83  5:45  Stalker  
  83  5:46  Probe  
  83  5:47  Twilight Council  
  83  5:48  Probe  
  87  5:51  Zealot  
  89  5:58  Probe, Sentry  
  89  6:00  Probe  
  89  6:02  Pylon  
  93  6:06  Assimilator  
  93  6:09  Assimilator  
  93  6:26  Templar Archives  
  93  6:28  Probe  
  93  6:32  Pylon  
  94  6:42  Zealot  
  96  6:55  Forge  
  96  7:00  Robotics Facility  
  96  7:03  High Templar x2  
  96  7:04  Forge  
  100  7:10  Archon  
  100  7:13  High Templar  
  100  7:15  Pylon  
  102  7:20  Gateway  
  102  7:25  Zealot  
  102  7:29  Zealot  
  106  7:32  Photon Cannon  
  106  7:34  Pylon  
  106  7:35  High Templar  
  108  7:37  Nexus  
  108  7:39  Archon  
  108  7:40  High Templar  
  110  7:50  Warp Prism  
  112  7:54  High Templar  
  112  7:57  Photon Cannon  
  112  7:58  Archon  
  114  8:03  Photon Cannon  
  114  8:07  Photon Cannon  
  114  8:09  High Templar  
  116  8:13  Pylon  
  116  8:16  Gateway  
  116  8:20  Observer  
  117  8:30  High Templar  
  119  8:37  Zealot, Warp Prism  
  119  8:41  Photon Cannon  
  119  8:43  Stalker  
  119  8:45  Archon  
  119  8:48  High Templar  
  119  8:52  Zealot  
  103  9:02  High Templar  
  103  9:03  Zealot  
  103  9:04  Nexus  
  103  9:08  Archon  
  105  9:13  Immortal  
  105  9:14  Photon Cannon  
  109  9:26  High Templar  
  111  9:39  High Templar  
  111  9:43  Archon  
  113  9:48  Zealot  
  113  9:49  Photon Cannon  
  115  9:53  High Templar, Zealot  
  119  10:04  Zealot  
  121  10:07  High Templar  
  123  10:15  Archon  
  123  10:16  Zealot, Probe x2  
  123  10:17  Probe  
  128  10:22  High Templar  
  128  10:28  Probe  
  131  10:29  Probe x2  
  131  10:30  Assimilator, Nexus  
  131  10:32  Pylon  
  131  10:35  High Templar, Assimilator  
  133  10:40  Probe, Archon  
  133  10:41  Probe  
  133  10:42  Probe  
  138  10:49  High Templar  
  140  10:54  Probe x3  
  143  11:02  High Templar  
  145  11:04  Pylon  
  145  11:06  Probe  
  145  11:08  Archon  
  146  11:11  High Templar  
  148  11:20  High Templar  
  150  11:29  High Templar  
  152  11:34  Archon  
  152  11:39  High Templar  
  154  11:41  Pylon  
  154  11:42  Probe  
  154  11:43  Probe x3, Archon  
  154  11:46  Zealot  
  160  11:48  High Templar  
  162  11:54  Assimilator, Probe  
  162  11:56  Pylon, Assimilator  
  162  11:57  High Templar  
  165  12:03  Observer  
  165  12:06  Nexus  
  166  12:16  High Templar  
  166  12:17  Photon Cannon  
  166  12:21  Pylon  
  168  12:23  Psionic Storm  
  168  12:24  Observer  
  168  12:25  High Templar  
  171  12:37  Stalker  
  171  12:39  Zealot, Stalker  
  171  12:42  Photon Cannon  
  177  12:44  Photon Cannon, Sentry  
  177  12:47  Photon Cannon  
  177  12:49  Adept  
  181  12:52  High Templar  
  181  12:57  Immortal  
  187  13:06  Protoss Ground Weapons Level 1  
  187  13:10  Robotics Bay  
  187  13:16  Archon  
  187  13:17  Archon  
  187  13:25  Protoss Ground Armor Level 1  
  187  13:30  Zealot x3  
  187  13:31  Zealot x2  
  187  13:33  Assimilator  
  193  13:36  Zealot  
  193  13:37  Pylon  
  193  13:38  Nexus  
  193  13:39  Immortal  
  193  13:40  Assimilator  
  181  13:45  Zealot, Robotics Facility  
  181  13:46  Zealot  
  173  13:50  Adept  
  173  13:52  Charge  
  173  13:57  Observer Gravitic Boosters  
  173  13:59  Photon Cannon  
  173  14:03  Forge  
  173  14:05  Pylon  
  173  14:07  Stargate  
  173  14:15  Adept  
  175  14:17  Disruptor  
  175  14:19  Sentry  
  180  14:25  Photon Cannon  
  180  14:26  Stalker  
  180  14:27  Photon Cannon  
  180  14:28  Stalker  
  180  14:29  Photon Cannon  
  180  14:30  Stalker  
  186  14:32  Immortal  
  186  14:36  Robotics Facility  
  190  14:42  Stalker  
  190  14:44  Zealot, Immortal  
  186  14:47  Adept, Stalker  
  186  14:49  Sentry  
  176  14:53  Zealot  
  162  15:01  Zealot  
  162  15:04  Zealot, Assimilator, Nexus  
  162  15:05  Zealot, Immortal  
  150  15:07  Pylon  
  150  15:10  Sentry  
  150  15:11  Assimilator  
  150  15:12  Gravitic Drive, Zealot  
  150  15:13  Zealot  
  150  15:16  Colossus  
  140  15:21  Stalker  
  140  15:22  Disruptor  
  140  15:24  Stalker  
  140  15:25  Adept  
  155  15:30  Adept  
  155  15:32  Photon Cannon, Sentry  
  155  15:35  Pylon  
  159  15:42  Adept  
  157  15:46  Stalker  
  165  15:55  Photon Cannon  
  161  15:58  Photon Cannon  
  164  16:10  Stalker  
Tags
 
Add a new tag
Caveats
  • Supply blocks, unpowered buildings, or Contaminate may cause inaccurate times.
  • Supply counts are checked every 10 seconds.